 Dungeon Sprint DCSS version 0.21.1-1-g345015f (webtiles) character file.

0 Psiloshibe the Skirmisher (level 3, 0/51 HPs)
             Began as a Barachi Berserker on June 24, 2018.
             Was a Believer of Trog.
             Slain by Grinder (6 damage)
             ... in the Dungeon (Sprint VI: "Thunderdome").
             The game lasted 00:01:06 (77 turns).

Psiloshibe the Skirmisher (Barachi Berserker)         Turns: 77, Time: 00:01:06

Health: 0/51       AC:  2    Str: 31    XL:     3   Next: 39%
Magic:  3/3        EV: 14    Int:  7    God:    Trog [**....]
Gold:   65         SH:  0    Dex: 16    Spells: 2/2 levels left

rFire    . . .     SeeInvis +   a - +0 falchion
rCold    + . .     Gourm    .   (no shield)
rNeg     . . .     Faith    +   b - +0 animal skin
rPois    .         Spirit   .   (no helmet)
rElec    +         Reflect  .   (no cloak)
rCorr    +         Harm     .   (no gloves)
MR       +....     NoTele   +   (no boots)
Stlth    ..........             p - amulet "Sereeh" {Faith Dex+5}
HPRegen  0.17/turn              n - ring of the Final Eyes {rCorr rC+}
MPRegen  0.08/turn              o - ring "Lawodaan" {*Slow rElec MR+ Str+7 SInv}

@: berserking, very quick
A: +LOS, swims, slowness 1, strong legs 1
a: Hop, Berserk, Trog's Hand, Burn Spellbooks, Renounce Religion


You were in the Dungeon.
You worshipped Trog.
Trog was pleased with you.
You were not hungry.

You visited 1 branch You collected 200 gold pieces.
You spent 135 gold pieces at shops.

Inventory:

Hand Weapons
 a - a +0 falchion (weapon)
Armour
 b - a +0 animal skin (worn)
Jewellery
 n - the ring of the Final Eyes (left hand) {rCorr rC+}
   (You bought it in a shop in the Dungeon)

   [ring of resist corrosion]

   It protects you from cold.
 o - the ring "Lawodaan" (right hand) {*Slow rElec MR+ Str+7 SInv}
   (You bought it in a shop in the Dungeon)

   [ring of protection from magic]

   It affects your strength (+7).
   It insulates you from electricity.
   It affects your resistance to hostile enchantments.
   It lets you see invisible.
   It may slow you when you take damage.
 p - the amulet "Sereeh" (around neck) {Faith Dex+5}
   (You bought it in a shop in the Dungeon)

   [amulet of faith]

   It allows you to gain divine favour quickly.
   It affects your dexterity (+5).
Wands
 j - a wand of acid (5)
 k - a wand of iceblast (5)
Scrolls
 i - 4 scrolls of blinking
 l - 3 scrolls of fog
Potions
 d - a potion of curing
 e - 4 potions of heal wounds
 f - 4 potions of haste
 g - 2 potions of magic
 h - a potion of berserk rage
 m - 2 potions of resistance
Comestibles
 c - a ration


   Skills:
 + Level 5.9 Fighting
 + Level 5.8 Long Blades
 + Level 3.3 Armour
 + Level 3.7 Dodging


You had 2 spell levels left.
You didn't know any spells.

Dungeon Overview and Level Annotations

Branches:
Dungeon (1/1)

Altars:
Cheibriados
Dithmenos
Fedhas
Gozag
Kikubaaqudgha
Makhleb
Okawaru
Qazlal
Ru
Sif Muna
Trog
Uskayaw
Vehumet
Wu Jian
Xom
Yredelemnul
Zin
The Shining One
Beogh
Jiyva
Lugonu

Shops:
D *[%??*?*:[((!!!!

Annotations:
D Grinder


Innate Abilities, Weirdness & Mutations

Shadows flee at your approach. (+LOS)
You can swim through water.
You cover ground slowly.
You can hop short distances.


Message History

The iron imp shouts, "Decamp, thou vain ruttish gonus!"
The ufetubus misses you. x2
A red film seems to cover your vision as you go berserk!
You feel yourself moving faster!
You feel mighty!
You feel quite a bit more hungry. The ufetubus misses you.
The ufetubus completely misses you. Grinder gestures at you.
Pain shoots through your body! The ufetubus misses you.
You riposte.
You slash the ufetubus!
You kill the ufetubus!
Trog accepts your kill.
You can now call upon Trog for regeneration and magic resistance.
You barely miss Grinder. Grinder hits you!
* * * LOW HITPOINT WARNING * * *
You writhe in agony.
* * * LOW HITPOINT WARNING * * *
You slash Grinder!
Grinder is moderately wounded.
Grinder hits you.
You die...

###∩........8.# #.8........∩###
#.............###.............##
#⌠..........###...###..........⌠#
#⌠..........# #.<.# #..........⌠#
#⌠..........###...###..........⌠#
##.............###.............##
###∩........8.# #.8........∩###
##∩___......###......___∩##
######.8....@5...8.######
#§...........§# ###.........###
#_..5...._# #........_#
#_......._# #∩.......∩#
##∩.....∩## ##.....##


You could see Grinder and an iron imp.

Vanquished Creatures
  A quasit (D)
  An ufetubus (D)
2 creatures vanquished.

Notes
Turn   | Place    | Note
-------+----------+-------------------------------------------
     0 | D        | Psiloshibe the Barachi Berserker began the quest for the Orb.
     0 | D        | Reached XP level 1. HP: 18/18 MP: 1/1
     1 | D        | Found a deep blue altar of Sif Muna.
     1 | D        | Found a radiant altar of Vehumet.
     1 | D        | Found an ancient bone altar of Kikubaaqudgha.
     2 | D        | Found a roughly hewn altar of Beogh.
     3 | D        | Found Oxoxzeof's Delicious Food.
     3 | D        | Found a bloodstained altar of Trog.
     3 | D        | Found Ypikk's Identification Station.
     3 | D        | Found an opulent altar of Gozag.
     4 | D        | Found Lixinoysch's Jewellery.
     4 | D        | Found Wiyvvopn's Advanced Armour.
     4 | D        | Found a sacrificial altar of Ru.
     4 | D        | Found a basalt altar of Yredelemnul.
     4 | D        | Found an iron altar of Okawaru.
     4 | D        | Found a burning altar of Makhleb.
     5 | D        | Round 1.
    13 | D        | Noticed a quasit
    14 | D        | Bought a slimy platinum ring for 45 gold pieces
    14 | D        | Bought a crude tin ring for 45 gold pieces
    14 | D        | Bought a scintillating brass amulet for 45 gold pieces
    14 | D        | Identified the amulet "Sereeh" {Faith Dex+5} (You bought it in a shop in the Dungeon)
    15 | D        | Identified the ring of the Final Eyes {rCorr rC+} (You bought it in a shop in the Dungeon)
    16 | D        | Identified the ring "Lawodaan" {*Slow rElec MR+ Str+7 SInv} (You bought it in a shop in the Dungeon)
    28 | D        | Killed a quasit
    28 | D        | Reached skill level 5 in Fighting
    28 | D        | Reached skill level 5 in Long Blades
    28 | D        | Reached XP level 2. HP: 12/28 MP: 2/2
    28 | D        | Reached XP level 3. HP: 14/34 MP: 3/3
    35 | D        | Found Noddu's Magic Scroll Shop.
    36 | D        | Found Qudi's Magic Scroll Shop.
    36 | D        | Found Xypneucw's Must-Have Magic.
    37 | D        | Found Cuolua Qiane's Staff Store.
    45 | D        | Found a blossoming altar of Fedhas.
    48 | D        | Found a stormy altar of Qazlal.
    49 | D        | Found a shadowy altar of Dithmenos.
    51 | D        | Found Qadijio's Distillery.
    52 | D        | Found Qemnoise's Distillery.
    52 | D        | Found Tauva's Bottled Wisdom.
    53 | D        | Found a corrupted altar of Lugonu.
    53 | D        | Found a snail-covered altar of Cheibriados.
    53 | D        | Found a glowing silver altar of Zin.
    53 | D        | Found Xofuycuj's Do-It-Yourself Clinic.
    62 | D        | Found a shimmering altar of Xom.
    63 | D        | Found a viscous altar of Jiyva.
    64 | D        | Found a glowing golden altar of the Shining One.
    65 | D        | Found Ucuuq's Weapon Rack.
    66 | D        | Found a hide-covered altar of Uskayaw.
    66 | D        | Found an ornate altar of the Wu Jian Council.
    66 | D        | Found Bamil's Premium Goods.
    66 | D        | Found Luno's Basic Armour.
    66 | D        | Found Baintael's Miscellaneous Merchandise.
    70 | D        | Noticed Grinder
    75 | D        | Reached ** piety under Trog
    77 | D        | Slain by Grinder

Skill      XL: |  1 |
---------------+----+-----
Fighting       | 5 |  5.9
Long Blades    | 5 |  5.8
Armour         | 3 |  3.3
Dodging        | 3 |  3.7

Action                   || total
-------------------------++-------
Melee: Falchion          ||    13
Invok: Berserk           ||     1
Armor: Animal skin       ||     6
Dodge: Dodged            ||    35
       Rpst.: Falchion   ||     6
